 Dungeon Crawl Stone Soup version 0.16-a0-1183-g5b05a17 (webtiles) character file.

346621 Ololoev the Maledictor (level 21, -19/100 HPs)
             Began as a Spriggan Enchanter on Oct 8, 2014.
             Was the Champion of Okawaru.
             Killed from afar by a quicksilver dragon (33 damage)
             ... with a bolt of dispelling energy
             ... on level 5 of the Vaults on Oct 10, 2014.
             The game lasted 07:14:20 (61564 turns).

Ololoev the Maledictor (Spriggan Enchanter)        Turns: 61564, Time: 07:14:22

Health: -19/100    AC: 12    Str:  7    XL:     21   Next: 19%
Magic:  15/38      EV: 26    Int: 36    God:    Okawaru [******]
Gold:   2422       SH: 11    Dex: 16    Spells: 14 memorised, 5 levels left

rFire  + . .     SeeInvis +     N - +9 quick blade (freeze)
rCold  + . .     Clarity  .     M - +2 robe {MR+}
rNeg   + . .     SustAb   .     a - +3 buckler {AC+3}
rPois  .         Gourm    .     R - +2 hat {Int+3}
rElec  .         Spirit   .     i - +2 cloak of Blierom {Dex+3 Int+3}
rCorr  .         Warding  .     (gloves unavailable)
rMut   .         Stasis   .     (boots unavailable)
MR     ++++.                    A - amulet "Ippit" {Faith +Inv +Fly Slay+5}
Stlth  +++++++++.               l - +5 ring of intelligence
                                y - ring of Jistieqe {rF+ rC+ rN+ SInv}

@: regenerating (expiring), hasted (expiring), studying Fighting, very quick,
incredibly resistant to hostile enchantments, incredibly stealthy
A: unfitting armour, antennae 1, claws 1, see invisible, breathe flames 2,
clumsy 2, herbivore 3, speed 3, frail 1, low mp 1, slow healing 1, slow
metabolism 2, strong 1, placid magic 1
a: Heroism, Finesse, Renounce Religion, Breathe Fire, Evoke Invisibility, Evoke
Flight
}: 2/15 runes: barnacled, gossamer


You were on level 5 of the Vaults.
You worshipped Okawaru.
Okawaru was exalted by your worship.
You were not hungry.

You visited 9 branches of the dungeon, and saw 48 of its levels.
You also visited: Bailey and Wizlab.

You collected 5016 gold pieces.
You spent 2594 gold pieces at shops.

Inventory:

Hand weapons
 C - the +4 cutlass of Khainosk {antimagic, rPois MR++ Dex+2}
   (You found it on level 7 of the Lair of Beasts)

   It disrupts the flow of magical energy around spellcasters and certain
   magical creatures (including the wielder).
   It affects your dexterity (+2).
   It protects you from poison.
   It affects your resistance to hostile enchantments.
 N - a +9 quick blade of freezing (weapon)
 V - the +8 cutlass "Xoaxodu" {holy, rN+ Int+2}
   (Okawaru gifted it to you on level 1 of the Depths)

   It has been blessed by the Shining One to cause great damage to the undead
   and demons.
   It affects your intelligence (+2).
   It protects you from negative energy.
Missiles
 c - 3 tomahawks of dispersal
 q - 15 throwing nets (quivered)
Armour
 a - a +3 buckler of protection (worn)
 i - the +2 cloak of Blierom (worn) {Dex+3 Int+3}
   (Okawaru gifted it to you on level 4 of the Vaults)

   It affects your intelligence (+3).
   It affects your dexterity (+3).
 M - a +2 robe of magic resistance (worn)
 R - a +2 hat of intelligence (worn)
Magical devices
 j - a wand of digging (7)
 w - a wand of fire (0)
 B - a wand of teleportation (3)
 J - a wand of digging (12)
 L - a wand of hasting (3)
 S - a wand of teleportation (1)
Comestibles
 p - a royal jelly
 z - 16 bread rations
Scrolls
 e - 6 scrolls of recharging
 g - 6 scrolls of magic mapping
 h - 2 scrolls of immolation
 m - 8 scrolls of amnesia
 o - 5 scrolls of fear
 s - 7 scrolls of enchant weapon
 u - 12 scrolls of identify
 x - 3 scrolls of enchant armour
 F - 9 scrolls of remove curse
 K - 6 scrolls of fog
 T - 2 scrolls of teleportation
 U - a scroll of vulnerability
 X - a scroll of blinking
Jewellery
 f - an uncursed ring of teleport control
 l - a +5 ring of intelligence (right claw)
 y - the ring of Jistieqe (left claw) {rF+ rC+ rN+ SInv}
   (You found it on level 7 of the Lair of Beasts)

   [ring of positive energy]

   It protects you from fire.
   It protects you from cold.
   It protects you from negative energy.
   It enhances your eyesight.
 A - the amulet "Ippit" (around neck) {Faith +Inv +Fly Slay+5}
   (You found it on level 5 of the Dungeon)

   [amulet of faith]

   It allows you to gain divine favour quickly.
   It affects your accuracy and damage with ranged weapons and melee attacks
   (+5).
   It lets you turn invisible.
   It lets you fly.
Potions
 d - 2 potions of porridge
 k - 5 potions of cancellation
 n - a potion of invisibility
 r - 7 potions of might
 t - 9 potions of restore abilities
 v - 8 potions of brilliance
 G - 2 potions of resistance
 I - 2 potions of magic
 O - a potion of agility
 P - 5 potions of curing
Books
 b - a manual of Fighting
Miscellaneous
 E - a lantern of shadows
 H - a fan of gales


   Skills:
 + Level 12.9 Fighting
 - Level 14.0 Short Blades
 - Level 5.1 Throwing
 - Level 11.6 Dodging
 * Level 21.0 Stealth
 - Level 7.3 Shields
 - Level 15.8 Spellcasting
 - Level 7.5 Conjurations
 - Level 22.4 Hexes
 - Level 2.0 Charms
 - Level 6.4 Ice Magic
 - Level 6.0 Air Magic
 - Level 10.0 Evocations


You had 5 spell levels left.
You knew the following spells:

 Your Spells              Type           Power        Failure   Level  Hunger
a - Mass Confusion        Hex            #######...   0%          6    None
b - Ensorcelled Hibernat  Hex/Ice        ######       0%          2    None
c - Confuse               Hex            #######.     0%          3    None
d - Dazzling Spray        Conj/Hex       ######..     0%          3    None
e - Enslavement           Hex            #######.     0%          4    None
f - Apportation           Tloc           ###.......   1%          1    None
g - Freezing Cloud        Conj/Ice/Air   ######....   7%          6    None
h - Blink                 Tloc           N/A          1%          2    None
i - Repel Missiles        Chrm/Air       #####.       1%          2    None
j - Mephitic Cloud        Conj/Pois/Air  #####...     1%          3    None
k - Regeneration          Chrm/Necr      ###.......   1%          3    None
l - Inner Flame           Hex/Fire       ######..     0%          3    None
m - Ozocubu's Armour      Chrm/Ice       #####...     1%          3    None
n - Silence               Hex/Air        ######....   0%          5    None


Dungeon Overview and Level Annotations

Branches:
Dungeon (15/15)            Temple (1/1) D:5             Orc (4/4) D:9
    Elf (3/3) Orc:3          Lair (8/8) D:8          Shoals (5/5) Lair:3
 Spider (5/5) Lair:3        Slime (0/6) Lair:7       Vaults (5/5) D:14
  Crypt (0/3) Vaults:3     Depths (2/5) D:15

Altars:
Ashenzari
Cheibriados
Dithmenos
Elyvilon
Fedhas
Gozag
Kikubaaqudgha
Makhleb
Nemelex Xobeh
Okawaru
Qazlal
Ru
Sif Muna
Trog
Vehumet
Xom
Yredelemnul
Zin
The Shining One
Jiyva
Lugonu

Shops:
D:11 =   D:15 [   Orc:1 !   Orc:2 }   Orc:3 :   Orc:4 ::([:::   Depths:2 [

Portals:
Hell: Lair:8 Depths:1 Depths:2
Ziggurat: Depths:1

Annotations:
Elf:3 exclusion: ice statue


Innate Abilities, Weirdness & Mutations

You are tiny and cannot use many weapons and most armour.
You have supernaturally acute eyesight.
You are a herbivore.
You cover ground extremely quickly.
You need consume almost no food.
You have a pair of small antennae on your head.
You have sharp fingernails.
You can breathe fire.
You are very clumsy. (Dex -4)
You are frail (-10% HP).
Your magical capacity is low (-10% MP).
You heal slowly when monsters are visible.
Your muscles are strong. (Str +2)
Your spells are a little easier to cast, but a little less powerful.


Message History

The vault warden shouts!
The vault guard's inner flame fades away.
You hear an explosion! x2
You hear a sizzling sound!
Okawaru accepts your kill.
You feel a bit more experienced. Okawaru accepts your kill.
You feel a bit more experienced. The fire giant casts a spell at you.
The bolt of fire hits you! You resist.
* * * LOW HITPOINT WARNING * * *
Found 10 arrows and a glass wand.
A tengu reaver comes into view. It is wielding a battleaxe.
The yaktaur captain hits the shadow dragon.
The orc knight seems less confused.
The quicksilver dragon breathes energy at you.
The bolt of dispelling energy hits you!
Your magical effects are unravelling.
Your magical contamination has completely faded away.
You die...

..# #..# #..# #..#.
#./#..Q #..#..###
#..#..... #..#....
#.@#.p####D
#..#{....C.
#.......(...
#...D##############
#?.o..%...p....pppC
#.c....(.(.ppp.ppp.
#...D...(.pp.p..ยงยง.
#................p.
#..cc##############


You could see a shadow dragon, a quicksilver dragon (inner flame), an orc knight
and 2 yaktaurs.

Vanquished Creatures
  An ancient lich (WizLab)
  Xtahua (Vaults:4)
  Arachne (Spider:5)
  A tentacled monstrosity (Vaults:3)
  Asterion (Depths:1)
  A lich (Vaults:4)
  A sphinx (Vaults:1)
  A storm dragon (Vaults:4)
  A kraken (Shoals:4)
  Rupert (D:14)
  A shadow dragon (Vaults:4)
  2 tengu reavers
  3 ancient champions (WizLab)
  Ilsuiw (Shoals:5)
  3 frost giants
  Wiglaf (Depths:1)
  5 fire giants
  5 vault wardens
  The ghost of Bubba the Severer, a powerful FoFi of the Shining One (D:14)
  A deep elf sorcerer (Vaults:4)
  Aizul (Spider:3)
  4 ghost moths
  An orc warlord (Orc:3)
  4 emperor scorpions (Spider:5)
  Jorgrun (Depths:1)
  A very ugly thing (Vaults:1)
  8 stone giants
  3 dire elephants
  A vampire knight (Depths:1)
  Azrael (Spider:3)
  2 deep elf annihilators
  6 rakshasas
  A red draconian (Spider:1)
  3 ettins
  6 merfolk javelineers
  Snorg (Lair:3)
  A deep elf death mage (Elf:1)
  6 merfolk impalers
  4 vault guards
  3 fire dragons
  2 minotaurs
  Josephine (D:11)
  The ghost of Rexfelis the Carver, a powerful MiGl of Okawaru (Lair:1)
  12 ironheart preservers
  Fannar (Lair:4)
  12 yaktaur captains
  Harold (D:11)
  11 hydras
  6 ice dragons
  4 merfolk aquamancers
  11 ogre magi
  4 great orbs of eyes (Depths:1)
  6 dancing weapons
  5 merfolk avatars
  4 alligator snapping turtles
  3 deep troll earth magi (Depths:1)
  2 satyrs
  18 death yaks
  10 centaur warriors
  5 orc high priests
  A storm dragon zombie (D:15)
  5 tengu warriors
  6 deep troll shamans
  A soul eater (Depths:1)
  A hell knight (Vaults:1)
  2 catoblepae
  3 fire crabs
  2 shadow wraiths (Vaults:4)
  A giant orange brain (Vaults:4)
  12 skeletal warriors
  2 iron trolls (Depths:1)
  5 deep elf knights
  8 hill giants
  18 orb spiders
  2 unseen horrors (D:13)
  11 sea snakes
  14 deep trolls
  An orb spider (shapeshifter) (Depths:2)
  2 flayed ghosts
  3 wizards
  A lindwurm (Lair:7)
  A tengu zombie (Vaults:2)
  4 necromancers
  5 deep elf summoners
  A harpy (shapeshifter) (Vaults:1)
  8 harpies
  13 deep elf conjurers
  13 orc knights
  3 orc sorcerers
  13 ironbrand convokers
  4 phantasmal warriors
  A sixfirhy (Lair:8)
  6 red wasps
  6 cyclopes
  A stone giant zombie (D:15)
  A draconian (shapeshifter) (Vaults:3)
  15 ugly things
  3 moths of wrath
  28 wolf spiders
  21 griffons
  A shining eye (Depths:1)
  A frost giant zombie (D:15)
  8 manticores
  A fire giant skeleton (Vaults:2)
  4 fauns (Shoals:3)
  A guardian serpent (shapeshifter) (Vaults:3)
  5 sirens
  7 elephants
  8 vault sentinels
  3 water nymphs (Shoals:5)
  5 black mambas
  A queen ant (Spider:5)
  9 komodo dragons
  4 torpor snails
  A torpor snail (shapeshifter) (Depths:1)
  An eye of devastation (Depths:1)
  19 spiny frogs
  A centaur skeleton (D:13)
  A smoke demon (Lair:8)
  A gargoyle (D:13)
  8 demonic crawlers
  4 orange demons
  4 fire drakes
  A hellwing (Lair:8)
  4 kobold demonologists (D:14)
  10 deep elf priests
  3 freezing wraiths
  3 large abominations (Elf:1)
  2 hydra zombies
  A komodo dragon (shapeshifter) (Depths:1)
  20 jumping spiders
  Grinder (D:6)
  An efreet (D:14)
  28 merfolk
  5 red devils (Lair:8)
  60 yaktaurs
  2 blue devils (Lair:8)
  8 trolls
  2 wind drakes
  A polar bear (Lair:5)
  17 blink frogs
  12 ravens
  A raven (shapeshifter) (Vaults:2)
  14 slime creatures
  4 boulder beetles
  2 fire dragon zombies
  16 two-headed ogres
  18 trapdoor spiders
  46 yaks
  A trapdoor spider (shapeshifter) (Vaults:4)
  18 deep elf magi
  3 shadows
  10 snapping turtles
  4 wyverns
  17 tarantellas
  2 tarantellas (shapeshifter)
  A yak (shapeshifter) (Vaults:2)
  13 water elementals
  7 spriggans
  A hog (shapeshifter) (Vaults:3)
  A hippogriff (shapeshifter) (Depths:1)
  4 wraiths
  6 hill giant zombies
  4 fire elementals (Spider:3)
  30 redbacks
  3 vampires (WizLab)
  24 deep elf fighters
  Grum (Orc:2)
  23 vampire mosquitoes
  A steam dragon (D:9)
  19 soldier ants (Spider:5)
  2 hungry ghosts
  13 wolves
  A mottled dragon (shapeshifter) (Vaults:4)
  6 human zombies
  Menkaure (D:6)
  15 hippogriffs
  8 wargs
  A soldier ant (shapeshifter) (Elf:1)
  A mottled dragon (D:15)
  5 porcupines
  11 ice beasts
  20 water moccasins
  8 yellow wasps
  4 hell hounds (Spider:3)
  5 sky beasts
  33 spiders
  A boggart (Depths:1)
  36 ogres
  A black bear (shapeshifter) (Elf:1)
  51 orc warriors
  3 phantoms
  A black bear (D:9)
  A boring beetle (Spider:2)
  A human skeleton (Vaults:2)
  20 centaurs
  15 giant frogs
  5 lost souls (Elf:1)
  2 hill giant simulacra (D:12)
  24 crocodiles
  3 elf zombies (Elf:1)
  3 big kobolds
  A brain worm (Lair:7)
  3 cyclops zombies
  An eye of draining (D:15)
  A gnoll sergeant (D:7)
  An elf skeleton (D:12)
  2 human simulacra
  An eye of draining (shapeshifter) (Vaults:3)
  9 scorpions
  10 troll zombies (WizLab)
  7 killer bees
  11 wights
  A hippogriff skeleton (D:11)
  A jelly (D:11)
  14 electric eels
  2 giant frog zombies
  2 goliath beetles
  16 hounds
  43 orc priests
  A quasit (D:8)
  5 crimson imps
  Crazy Yiuf (D:2)
  2 centaur zombies
  A giant frog skeleton (D:5)
  8 iguanas
  41 orc wizards
  A troll simulacrum (D:11)
  19 worker ants
  7 ogre zombies
  A sky beast zombie (D:11)
  13 sheep
  Jessica (D:2)
  A hound zombie (D:8)
  3 mummies (D:12)
  31 green rats
  A worker ant zombie (D:5)
  26 adders
  4 gnolls (D:7)
  2 orc zombies
  A white imp (Depths:1)
  4 worms
  A shadow imp (D:7)
  3 giant mites
  An adder zombie (D:5)
  2 orc skeletons
  A giant eyeball (Depths:1)
  6 giant geckos
  199 orcs
  A ball python (D:3)
  15 goblins
  15 hobgoblins
  26 kobolds
  9 quokkas
  26 bats
  A giant cockroach (Lair:3)
  4 giant newts
  A giant spore (D:12)
  A hobgoblin skeleton (D:7)
  6 jackals
  20 rats
  A rat skeleton (D:5)
  A rat zombie (D:8)
  17 ballistomycetes
  2 fungi
  A plant (Lair:3)
1992 creatures vanquished.

Vanquished Creatures (collateral kills)
  A deep elf sorcerer (Elf:2)
  A stone giant (Depths:2)
  A dire elephant (Depths:2)
  A merfolk javelineer (Shoals:5)
  2 rakshasas
  3 merfolk avatars
  2 death yaks (Depths:1)
  A merfolk aquamancer (Shoals:5)
  An orb spider (Spider:5)
  2 skeletal warriors (Vaults:1)
  An orc knight (Orc:3)
  2 griffons
  3 wolf spiders
  3 drowned souls (Shoals:4)
  A water nymph (Shoals:5)
  A yaktaur (Depths:2)
  A siren (Shoals:2)
  A demonic crawler (Spider:5)
  2 jumping spiders
  3 merfolk
  A deep elf mage (Elf:2)
  A water elemental (Shoals:5)
  A hippogriff (Shoals:2)
  A yellow wasp (Spider:5)
  A giant frog (D:10)
  2 killer bees (D:10)
  A crimson imp (D:10)
  2 orc priests (Orc:4)
  An orc wizard (Orc:4)
  A worker ant (Spider:5)
  2 gnolls (D:7)
  A worm (Spider:1)
  An orc (Orc:3)
  A bat (D:10)
  2 giant spores
52 creatures vanquished.

Vanquished Creatures (others)
  A vault guard (Vaults:4)
  An air elemental (Depths:1)
  13 drowned souls
  A redback (Spider:2)
  An ice beast (D:12)
  A soldier ant (Spider:5)
  2 lost souls (Elf:1)
  A hobgoblin (Lair:7)
  2 fungi (Shoals:3)
  6 plants
  9 tentacles (Shoals:4)
  725 tentacle segments (Shoals:4)
  14 toadstools (Lair:7)
777 creatures vanquished.

Grand Total: 2821 creatures vanquished

Notes
Turn   | Place    | Note
--------------------------------------------------------------
     0 | D:1      | Ololoev, the Spriggan Enchanter, began the quest for the Orb.
     0 | D:1      | Reached XP level 1. HP: 9/9 MP: 4/4
   474 | D:1      | Reached XP level 2. HP: 13/13 MP: 8/8
   497 | D:1      | Learned a level 2 spell: Ensorcelled Hibernation
  1109 | D:2      | Reached XP level 3. HP: 16/16 MP: 10/12
  1409 | D:2      | Noticed Jessica
  1417 | D:2      | Killed Jessica
  1442 | D:2      | Found a sacrificial altar of Ru.
  1459 | D:2      | Found a shimmering altar of Xom.
  1626 | D:2      | Reached XP level 4. HP: 21/21 MP: 13/16
  1928 | D:2      | Noticed Crazy Yiuf
  1972 | D:2      | Learned a level 3 spell: Confuse
  2007 | D:2      | Killed Crazy Yiuf
  2007 | D:2      | Reached skill level 5 in Spellcasting
  2237 | D:3      | Found an iron altar of Okawaru.
  2245 | D:3      | Became a worshipper of Warmaster Okawaru
  2282 | D:3      | Found a shadowy altar of Dithmenos.
  2486 | D:3      | Reached XP level 5. HP: 24/24 MP: 20/20
  2965 | D:4      | Found Zin's Purification Station.
  2968 | D:4      | Found a glowing silver altar of Zin.
  2971 | D:4      | Bought a potion of curing for 60 gold pieces
  3075 | D:4      | Reached skill level 5 in Hexes
  3095 | D:4      | Reached skill level 6 in Spellcasting
  3239 | D:4      | Noticed an ogre
  3262 | D:4      | Killed an ogre
  3262 | D:4      | Reached XP level 6. HP: 28/28 MP: 1/22
  3309 | D:4      | Acquired Okawaru's first power
  3662 | D:5      | Entered Level 5 of the Dungeon
  3731 | D:5      | Got a shimmering pewter amulet
  3733 | D:5      | Identified the amulet "Ippit" {Faith +Inv +Fly Slay+5} (You found it on level 5 of the Dungeon)
  3898 | D:5      | Reached skill level 7 in Hexes
  3898 | D:5      | Reached XP level 7. HP: 28/32 MP: 7/24
  4015 | D:5      | Found a deep blue altar of Sif Muna.
  4018 | D:5      | Found a shadowy altar of Dithmenos.
  4019 | D:5      | Found a glowing golden altar of the Shining One.
  4049 | D:5      | Found a white marble altar of Elyvilon.
  4054 | D:5      | Found a shimmering altar of Xom.
  4072 | D:5      | Found a staircase to the Ecumenical Temple.
  4080 | Temple   | Entered the Ecumenical Temple
  4416 | D:5      | Reached skill level 8 in Hexes
  5005 | D:5      | Reached skill level 9 in Hexes
  5005 | D:5      | Reached XP level 8. HP: 19/36 MP: 9/27
  5372 | D:6      | Identified a +1 rod of shadows (14/14) (You found it on level 6 of the Dungeon)
  5550 | D:6      | Noticed Grinder
  5567 | D:6      | Killed Grinder
  5567 | D:6      | Reached skill level 10 in Hexes
  5916 | D:6      | Noticed Menkaure
  5923 | D:6      | Killed Menkaure
  5923 | D:6      | Reached skill level 11 in Hexes
  6221 | D:6      | Reached XP level 9. HP: 22/39 MP: 25/29
  6428 | D:7      | Found a basalt altar of Yredelemnul.
  6890 | D:7      | Acquired Okawaru's second power
  6890 | D:7      | Reached skill level 5 in Stealth
  6898 | D:7      | Found a blossoming altar of Fedhas.
  6903 | D:7      | Found a stormy altar of Qazlal.
  7827 | D:8      | Found a shattered altar of Ashenzari.
  7906 | D:8      | Reached skill level 5 in Short Blades
  8082 | D:8      | Learned a level 3 spell: Dazzling Spray
  8087 | D:8      | Learned a level 4 spell: Enslavement
  8336 | D:8      | Found a staircase to the Lair.
  8363 | D:8      | Found an opulent altar of Gozag.
  8457 | D:8      | Reached skill level 12 in Hexes
  9042 | D:9      | Found a staircase to the Orcish Mines.
  9071 | D:9      | Reached XP level 10. HP: 25/44 MP: 9/30
  9238 | D:9      | Received a gift from Okawaru
  9436 | D:9      | Learned a level 1 spell: Apportation
  9692 | D:9      | Upgraded the game from 0.16-a0-1157-gec61f8e to 0.16-a0-1167-g3157814
 10452 | D:10     | Entered Level 10 of the Dungeon
 10632 | D:10     | Found a shimmering altar of Xom.
 11207 | D:11     | Noticed Josephine
 11207 | D:11     | Noticed a six-headed hydra
 11208 | D:11     | Killed Josephine
 11208 | D:11     | Reached skill level 10 in Stealth
 11208 | D:11     | Reached skill level 13 in Hexes
 11269 | D:11     | Noticed Harold
 11276 | D:11     | Killed Harold
 11276 | D:11     | Reached XP level 11. HP: 47/47 MP: 31/31
 11317 | D:11     | Killed a six-headed hydra
 11317 | D:11     | Received a gift from Okawaru
 11317 | D:11     | Reached skill level 10 in Short Blades
 11369 | D:11     | Got a slimy hat {god gift}
 11389 | D:11     | Identified the -4 hat of Relativism {Str+1 Dex-3 Curse} (Okawaru gifted it to you on level 11 of the Dungeon)
 11419 | D:11     | Noticed a hill giant
 11427 | D:11     | Killed a hill giant
 11680 | D:11     | Found Doesk's Jewellery Boutique.
 11686 | D:11     | Bought a cursed ring of loudness for 67 gold pieces
 12082 | D:12     | Found a flagged portal.
 12150 | D:12     | Found a frozen archway.
 12152 | Bailey   | Entered a bailey
 12696 | Bailey   | Received a gift from Okawaru
 13074 | D:12     | Received a gift from Okawaru
 13240 | D:12     | Reached skill level 14 in Hexes
 13418 | D:12     | Reached skill level 1 in Ice Magic
 13628 | D:12     | Reached XP level 12. HP: 51/51 MP: 24/32
 13721 | D:12     | Found an ancient bone altar of Kikubaaqudgha.
 13830 | D:12     | Noticed a hill giant
 13839 | D:12     | Killed a hill giant
 14040 | D:12     | Received a gift from Okawaru
 14927 | Lair:1   | Entered Level 1 of the Lair of Beasts
 15118 | Lair:1   | Noticed a six-headed hydra
 15165 | Lair:1   | Killed a six-headed hydra
 15165 | Lair:1   | Reached skill level 1 in Fighting
 15314 | Lair:1   | Noticed Rexfelis' ghost (powerful MiGl)
 15333 | Lair:1   | Killed Rexfelis' ghost
 15788 | Lair:2   | Reached skill level 5 in Dodging
 16065 | Lair:2   | Received a gift from Okawaru
 16753 | Lair:3   | Found a hole to the Spider Nest.
 16856 | Lair:3   | Found a staircase to the Shoals.
 16883 | Lair:3   | Reached XP level 13. HP: 63/63 MP: 33/33
 17058 | Lair:3   | Received a gift from Okawaru
 17082 | Lair:3   | Noticed Snorg
 17098 | Lair:3   | Killed Snorg
 17098 | Lair:3   | Reached skill level 5 in Fighting
 17098 | Lair:3   | Reached skill level 1 in Shields
 17403 | Lair:4   | Received a gift from Okawaru
 17543 | Lair:4   | Noticed Fannar
 17550 | Lair:4   | Killed Fannar
 18093 | Lair:4   | Learned a level 3 spell: Abjuration
 19150 | Lair:5   | Received a gift from Okawaru
 20526 | Lair:7   | Found a viscous altar of Jiyva.
 20526 | Lair:7   | Found a staircase to the Slime Pits.
 20537 | Lair:7   | Reached skill level 5 in Shields
 20631 | Lair:7   | Reached XP level 14. HP: 70/72 MP: 31/34
 20709 | Lair:7   | Identified a scroll of acquirement
 21264 | Lair:7   | Reached skill level 10 in Dodging
 21572 | Lair:7   | Reached skill level 15 in Hexes
 22487 | Lair:7   | Got a wavering amber ring
 22489 | Lair:7   | Got a brightly glowing cutlass
 22499 | Lair:7   | Identified the +4 cutlass of Khainosk {antimagic, rPois MR++ Dex+2} (You found it on level 7 of the Lair of Beasts)
 22502 | Lair:7   | Identified the ring of Jistieqe {rF+ rC+ rN+ SInv} (You found it on level 7 of the Lair of Beasts)
 22718 | Lair:8   | Entered Level 8 of the Lair of Beasts
 22826 | Lair:8   | Received a gift from Okawaru
 23596 | Lair:8   | Received a gift from Okawaru
 23596 | Lair:8   | Reached skill level 16 in Hexes
 23954 | Lair:8   | Received a gift from Okawaru
 23964 | Lair:8   | Got a faintly glowing cloak {god gift}
 24006 | Lair:8   | Identified the -1 cloak "Lapad" {Str+1 Int+5} (Okawaru gifted it to you on level 8 of the Lair of Beasts)
 24029 | Lair:8   | Found a burning altar of Makhleb.
 24063 | Lair:8   | Reached skill level 17 in Hexes
 24143 | Lair:8   | Found a gateway to Hell.
 24151 | Lair:8   | Got a heavy robe
 24199 | Lair:8   | Identified the +0 robe of the Lotus Blossom {Int-3 Curse} (You took it off a red devil on level 8 of the Lair of Beasts)
 24855 | Orc:1    | Entered Level 1 of the Orcish Mines
 24901 | Orc:1    | Found an iron altar of Okawaru.
 24915 | Orc:1    | Found Brahuj's Distillery.
 24933 | Orc:1    | Bought a potion of curing for 30 gold pieces
 24933 | Orc:1    | Bought a potion of curing for 30 gold pieces
 24933 | Orc:1    | Bought a potion of curing for 30 gold pieces
 24933 | Orc:1    | Bought a potion of magic for 82 gold pieces
 24933 | Orc:1    | Bought a potion of curing for 30 gold pieces
 24933 | Orc:1    | Bought a potion of beneficial mutation for 525 gold pieces
 24933 | Orc:1    | Bought a potion of resistance for 105 gold pieces
 25147 | Orc:1    | Reached XP level 15. HP: 79/79 MP: 31/35
 25358 | Orc:2    | Found Voadadupuis' Gadget Boutique.
 25697 | Orc:2    | Noticed Grum
 25714 | Orc:2    | Killed Grum
 25885 | Orc:3    | Found a staircase to the Elven Halls.
 25901 | Orc:3    | Found Uloek's Book Boutique.
 26020 | Orc:3    | Bought a book of Minor Magic for 300 gold pieces
 26024 | Orc:3    | Learned a level 2 spell: Blink
 26027 | Orc:3    | Learned a level 2 spell: Repel Missiles
 26031 | Orc:3    | Learned a level 3 spell: Mephitic Cloud
 26503 | Orc:3    | Reached skill level 1 in Charms
 26587 | Orc:3    | Reached skill level 1 in Air Magic
 26681 | Orc:4    | Entered Level 4 of the Orcish Mines
 26681 | Orc:4    | Found Prapteul's Book Boutique.
 26681 | Orc:4    | Found Phaarixt's Book Boutique.
 26936 | Orc:4    | Found Togh's Book Emporium.
 26962 | Orc:4    | Bought a book of Necromancy for 360 gold pieces
 26967 | Orc:4    | Learned a level 3 spell: Regeneration
 27058 | Orc:4    | Reached skill level 18 in Hexes
 27245 | Orc:4    | Was placed under penance by Okawaru
 27380 | Orc:4    | Noticed a titan
 27961 | Spider:1 | Entered Level 1 of the Spider Nest
 28620 | Spider:1 | Was forgiven by Okawaru
 28621 | Spider:1 | Noticed a titan
 28889 | Shoals:1 | Entered Level 1 of the Shoals
 28962 | Shoals:1 | Reached skill level 1 in Evocations
 29028 | Shoals:1 | Received a gift from Okawaru
 29429 | Shoals:1 | Reached skill level 5 in Evocations
 29557 | Shoals:1 | Received a gift from Okawaru
 30317 | Shoals:2 | Reached skill level 19 in Hexes
 30865 | Shoals:3 | Received a gift from Okawaru
 31093 | Shoals:3 | Learned a level 3 spell: Inner Flame
 31758 | Shoals:4 | Reached XP level 16. HP: 68/84 MP: 33/36
 32018 | Shoals:4 | Received a gift from Okawaru
 32033 | Shoals:5 | Entered Level 5 of the Shoals
 32774 | Shoals:5 | Reached skill level 10 in Evocations
 33212 | Shoals:5 | Reached skill level 20 in Hexes
 33535 | Shoals:5 | Noticed Ilsuiw
 33717 | Shoals:5 | Received a gift from Okawaru
 33810 | Shoals:5 | Killed Ilsuiw
 34048 | Shoals:5 | Identified the Tome of Congealing Unholy Secrets
 34053 | Shoals:5 | Learned a level 3 spell: Ozocubu's Armour
 34073 | Shoals:5 | Reached skill level 15 in Stealth
 34552 | Shoals:5 | Received a gift from Okawaru
 34555 | Shoals:5 | Got a heavily jewelled robe {god gift}
 34566 | Shoals:5 | Identified the +2 robe "Tralabb" {SInv} (Okawaru gifted it to you on level 5 of the Shoals)
 35134 | Shoals:5 | Got a barnacled rune of Zot
 35913 | Orc:4    | Found Saan Cla's Armour Shoppe.
 35930 | Orc:4    | Found Pruxepeo's Weapon Shoppe.
 35948 | Orc:4    | Found Xecufei's Book Emporium.
 35948 | Orc:4    | Found Qalaa's Book Emporium.
 36101 | Orc:4    | Reached skill level 21 in Hexes
 36482 | Orc:4    | Bought a book of Dreams for 975 gold pieces
 36533 | Elf:1    | Entered Level 1 of the Elven Halls
 37028 | Elf:1    | Received a gift from Okawaru
 37640 | Elf:1    | Identified the Incunabulum of Evil
 37925 | Elf:1    | Reached skill level 10 in Spellcasting
 38685 | Elf:2    | Reached XP level 17. HP: 88/88 MP: 36/37
 38836 | Elf:3    | Entered Level 3 of the Elven Halls
 41162 | Spider:3 | Received a gift from Okawaru
 41182 | Spider:3 | Got a bloodstained dagger {god gift}
 41244 | Spider:3 | Identified the -2 dagger of Amucva {freeze, rPois rF+ Int+3} (Okawaru gifted it to you on level 3 of the Spider Nest)
 41409 | Spider:3 | Noticed Aizul
 41416 | Spider:3 | Killed Aizul
 41659 | Spider:3 | Noticed Azrael
 41674 | Spider:3 | Killed Azrael
 42204 | Spider:4 | Received a gift from Okawaru
 42213 | Spider:4 | Got a crystal shortbow {god gift}
 42214 | Spider:4 | Identified the +2 shortbow "Ocuggubb" {velocity, Dex+1 Stlth+} (Okawaru gifted it to you on level 4 of the Spider Nest)
 42649 | Spider:5 | Entered Level 5 of the Spider Nest
 42723 | Spider:5 | Noticed Arachne
 42728 | Spider:5 | Killed Arachne
 42728 | Spider:5 | Received a gift from Okawaru
 43205 | Spider:5 | Reached skill level 22 in Hexes
 43637 | Spider:5 | Received a gift from Okawaru
 44003 | Spider:5 | Reached skill level 15 in Spellcasting
 44359 | Spider:5 | Reached XP level 18. HP: 82/92 MP: 6/41
 44430 | Spider:5 | Received a gift from Okawaru
 44535 | Spider:5 | Got a gossamer rune of Zot
 45434 | D:14     | Learned a level 6 spell: Mass Confusion
 45441 | D:14     | Learned a level 6 spell: Freezing Cloud
 45446 | D:14     | Upgraded the game from 0.16-a0-1167-g3157814 to 0.16-a0-1183-g5b05a17
 45454 | D:14     | Noticed Rupert
 45496 | D:14     | Killed Rupert
 45965 | D:14     | Found a gate to the Vaults.
 46039 | D:14     | Found a corrupted altar of Lugonu.
 46061 | D:14     | Reached skill level 1 in Conjurations
 46089 | D:14     | Received a gift from Okawaru
 46620 | D:15     | Entered Level 15 of the Dungeon
 47050 | D:15     | Found a staircase to the Depths.
 47431 | D:15     | Found Xuraax's Armour Shop.
 47753 | Depths:1 | Entered Level 1 of the Depths
 47878 | Depths:1 | Received a gift from Okawaru
 48330 | Depths:1 | Found a gateway to a ziggurat.
 48530 | Depths:1 | Received a gift from Okawaru
 48567 | Depths:1 | Got an iridescent cutlass {god gift}
 48568 | Depths:1 | Identified the +8 cutlass "Xoaxodu" {holy, rN+ Int+2} (Okawaru gifted it to you on level 1 of the Depths)
 48584 | Depths:1 | Noticed Jorgrun
 48588 | Depths:1 | Killed Jorgrun
 48609 | Depths:1 | Reached skill level 10 in Fighting
 48875 | Depths:1 | Received a gift from Okawaru
 49012 | Depths:1 | Received a gift from Okawaru
 49524 | Depths:1 | Noticed Wiglaf
 49586 | Depths:1 | Killed Wiglaf
 49835 | Depths:1 | Noticed Asterion
 49850 | Depths:1 | Killed Asterion
 50056 | Depths:1 | Reached XP level 19. HP: 94/98 MP: 7/42
 50162 | Depths:1 | Reached skill level 5 in Air Magic
 50339 | Depths:2 | Found Psanuinu's Armour Emporium.
 50422 | Depths:2 | Received a gift from Okawaru
 50666 | Depths:2 | Received a gift from Okawaru
 50669 | Depths:2 | Got a crude buckler {god gift}
 50680 | Depths:2 | Identified the -4 buckler "Meamegips" {rPois Stlth+} (Okawaru gifted it to you on level 2 of the Depths)
 51072 | D:14     | Noticed Bubba's ghost (powerful FoFi)
 51175 | D:14     | Killed Bubba's ghost
 51193 | Vaults:1 | Entered Level 1 of the Vaults
 51642 | Vaults:1 | Reached skill level 5 in Conjurations
 52531 | Vaults:1 | Received a gift from Okawaru
 53342 | Vaults:1 | Received a gift from Okawaru
 53485 | Vaults:1 | Reached skill level 5 in Ice Magic
 53702 | Vaults:2 | Found a magical portal.
 53733 | WizLab   | Entered Zonguldrok's Shrine
 54627 | WizLab   | Noticed an antique lich
 54636 | WizLab   | HP: 3/99 [Ice Fiend[an antique lich] (13)]
 54849 | WizLab   | Noticed a Brimstone Fiend
 54867 | WizLab   | Killed an antique lich
 54867 | WizLab   | Reached XP level 20. HP: 34/103 MP: 8/42
 54971 | WizLab   | Identified the Volume of Ashen Necromancy
 55374 | Vaults:2 | Gained mutation: You are weak. (Str -2) [potion of mutation]
 55374 | Vaults:2 | Gained mutation: Your spells are a little easier to cast, but a little less powerful. [potion of mutation]
 55374 | Vaults:2 | Gained mutation: You are robust (+10% HP). [potion of mutation]
 55375 | Vaults:2 | Gained mutation: You are clumsy. (Dex -2) [potion of mutation]
 55375 | Vaults:2 | Gained mutation: You can breathe flames. [potion of mutation]
 55375 | Vaults:2 | Gained mutation: You are very clumsy. (Dex -4) [potion of mutation]
 55376 | Vaults:2 | Lost mutation: You are weak. (Str -2) [potion of mutation]
 55376 | Vaults:2 | Gained mutation: Your muscles are strong. (Str +2) [potion of mutation]
 55377 | Vaults:2 | Gained mutation: You have sharp fingernails. [potion of mutation]
 55378 | Vaults:2 | Lost mutation: Your muscles are strong. (Str +2) [potion of mutation]
 55378 | Vaults:2 | Gained mutation: You occasionally shout uncontrollably at your foes. [potion of mutation]
 55378 | Vaults:2 | Gained mutation: You heal slowly when monsters are visible. [potion of mutation]
 55379 | Vaults:2 | Lost mutation: You occasionally shout uncontrollably at your foes. [potion of mutation]
 55379 | Vaults:2 | Lost mutation: You are robust (+10% HP). [potion of mutation]
 55379 | Vaults:2 | Gained mutation: You are frail (-10% HP). [potion of mutation]
 55380 | Vaults:2 | Gained mutation: Your muscles are strong. (Str +2) [potion of mutation]
 55380 | Vaults:2 | Gained mutation: Your magical capacity is low (-10% MP). [potion of mutation]
 55381 | Vaults:2 | Gained mutation: You have a pair of small antennae on your head. [potion of beneficial mutation]
 55382 | Vaults:2 | Gained mutation: You can breathe fire. [potion of beneficial mutation]
 56080 | Vaults:2 | Received a gift from Okawaru
 56442 | Vaults:3 | Reached skill level 1 in Throwing
 57003 | Vaults:3 | Received a gift from Okawaru
 57540 | Vaults:3 | Received a gift from Okawaru
 57545 | Vaults:3 | Got an ancient robe {god gift}
 57556 | Vaults:3 | Identified the +0 robe "Tule" {Dex+4 Int-3} (Okawaru gifted it to you on level 3 of the Vaults)
 57650 | Vaults:3 | Found a staircase to the Crypt.
 58585 | Vaults:4 | Got a smoking robe
 58596 | Vaults:4 | Identified the cursed -4 robe "Meraupp" {MR++ Str+4} (You found it on level 4 of the Vaults)
 59559 | Vaults:4 | Learned a level 5 spell: Silence
 59705 | Vaults:4 | Reached skill level 5 in Throwing
 59800 | Vaults:4 | Noticed Xtahua
 60017 | Vaults:4 | Killed Xtahua
 60017 | Vaults:4 | Received a gift from Okawaru
 60021 | Vaults:4 | Got a distressingly furry cloak {god gift}
 60032 | Vaults:4 | Identified the +2 cloak of Blierom {Dex+3 Int+3} (Okawaru gifted it to you on level 4 of the Vaults)
 60695 | Vaults:4 | Reached XP level 21. HP: 100/100 MP: 5/38
 60980 | Vaults:4 | Received a gift from Okawaru
 61522 | Vaults:5 | Entered Level 5 of the Vaults
 61564 | Vaults:5 | Killed from afar by a quicksilver dragon

Action                   |  1- 3 |  4- 6 |  7- 9 | 10-12 | 13-15 | 16-18 | 19-21 || total
-------------------------+-------+-------+-------+-------+-------+-------+-------++-------
Melee: Dagger            |    99 |   141 |   338 |   262 |       |       |       ||   840
       Quick blade       |       |       |       |   200 |  1090 |  1562 |  1001 ||  3853
       Cutlass           |       |       |       |       |       |    18 |   295 ||   313
Throw: Throwing net      |       |       |       |       |     1 |     1 |       ||     2
 Cast: Corona            |     1 |       |       |     2 |       |       |       ||     3
       Ensorcelled Hiber |     5 |    37 |    64 |   123 |   283 |   158 |     9 ||   679
       Confuse           |       |    14 |    71 |   152 |   243 |   343 |   239 ||  1062
       Enslavement       |       |       |       |     6 |    19 |    66 |    16 ||   107
       Dazzling Spray    |       |       |       |     8 |     4 |    58 |     3 ||    73
       Repel Missiles    |       |       |       |       |     1 |     5 |     2 ||     8
       Regeneration      |       |       |       |       |       |    54 |    89 ||   143
       Inner Flame       |       |       |       |       |       |    19 |       ||    19
       Ozocubu's Armour  |       |       |       |       |       |     7 |     3 ||    10
       Mass Confusion    |       |       |       |       |       |    40 |    70 ||   110
       Freezing Cloud    |       |       |       |       |       |     8 |    45 ||    53
       Blink             |       |       |       |       |       |       |     9 ||     9
       Silence           |       |       |       |       |       |       |     1 ||     1
Invok: Heroism           |       |       |       |       |       |     2 |     2 ||     4
       Finesse           |       |       |       |       |       |     1 |     5 ||     6
 Abil: Evoke Flight      |       |       |       |       |     7 |     7 |     1 ||    15
       Evoke Teleport Co |       |       |       |       |     1 |       |       ||     1
       Evoke Invisibilit |       |       |       |       |     1 |       |       ||     1
       Turn Visible      |       |       |       |       |     1 |       |       ||     1
Evoke: Wand              |       |       |       |       |     4 |     9 |     2 ||    15
       Rod               |       |       |       |       |     2 |       |       ||     2
       Fan of gales      |       |       |       |       |       |     1 |       ||     1
  Use: Potion            |       |       |     1 |     3 |     6 |     5 |    29 ||    44
       Scroll            |       |       |    10 |     8 |    26 |    13 |    19 ||    76
 Stab: Sleeping          |    11 |    27 |    67 |   131 |   245 |   172 |    61 ||   714
       Confused          |       |     5 |    22 |    52 |   116 |   231 |   182 ||   608
       Invisible         |       |       |       |     1 |       |    13 |       ||    14
       Distracted        |       |       |       |       |       |     5 |     4 ||     9
       Fleeing           |       |       |       |       |       |     1 |       ||     1
       Held in net/web   |       |       |       |       |       |     2 |       ||     2
  Eat: Pizza             |       |     1 |       |     3 |     2 |     4 |       ||    10
       Bread ration      |       |       |     1 |       |     1 |     2 |     2 ||     6
       Royal jelly       |       |       |       |     1 |       |     2 |       ||     3
       Fruit             |       |       |       |       |     8 |       |     7 ||    15
